 Dungeon Crawl Stone Soup version 0.17.2-1-ge4368a0 (webtiles) character file.

274 tidbits the Insei (level 5, -9/39 HPs)
             Began as a Demigod Transmuter on Sept 21, 2017.
             Shot with an arrow of frost by a centaur (17 damage)
             ... on level 6 of the Dungeon.
             The game lasted 00:12:53 (1695 turns).

tidbits the Insei (Demigod Transmuter)              Turns: 1695, Time: 00:12:53

Health: -9/39      AC:  5    Str: 13    XL:     5   Next: 72%
Magic:  10/10      EV:  7    Int: 19    God:
Gold:   108        SH:  0    Dex: 16    Spells: 3 memorised, 2 levels left

rFire  . . .     SeeInvis .       - Unarmed
rCold  . . .     Clarity  .     B - +0 robe
rNeg   . . .     SustAt   +     (no shield)
rPois  .         Gourm    .     E - +0 helmet
rElec  .         Spirit   .     C - +0 cloak
rCorr  .         Warding  .     (no gloves)
rMut   .         Stasis   .     F - +0 pair of boots
MR     .....                    (no amulet)
Stlth  +.........               (no ring)
                                r - ring of flight

@: not resistant to hostile enchantments, very unstealthy
A: high mp 1, sustain attributes
a: Evoke Flight


You were on level 6 of the Dungeon.
You were hungry.

You visited 1 branch of the dungeon, and saw 7 of its levels.

You collected 108 gold pieces.

Inventory:

Hand Weapons
 t - the +1 hand axe "Ufat" {chop, rN+}
   (You found it on level 4 of the Dungeon)

   It inflicts extra damage upon your enemies.
   It protects you from negative energy.
 y - a cursed +0 quarterstaff
   (You found it on level 4 of the Dungeon)
Missiles
 a - 119 arrows
 v - 12 silver bolts
 A - 5 javelins (quivered)
 G - 3 tomahawks
Armour
 B - a +0 robe (worn)
 C - a +0 cloak (worn)
   (You found it on level 4 of the Dungeon)
 E - a +0 helmet (worn)
   (You found it on level 1 of the Dungeon)
 F - a +0 pair of boots (worn)
   (You found it on level 6 of the Dungeon)
Jewellery
 r - a ring of flight (left hand)
   (You found it on level 3 of the Dungeon)
Wands
 H - a wand of lightning (3)
   (You found it on level 7 of the Dungeon)
Scrolls
 f - 3 scrolls of blinking {unknown}
 g - 2 scrolls of fog {unknown}
 h - a scroll of recharging {unknown}
 i - a scroll of noise {unknown}
 j - 2 scrolls of teleportation {unknown}
 l - a scroll of amnesia {unknown}
 o - 3 scrolls of fear {unknown}
 p - 9 scrolls of identify {unknown}
 s - a scroll of immolation {unknown}
 w - a scroll of enchant weapon {unknown}
 x - a scroll of remove curse {unknown}
 D - a scroll of random uselessness {unknown}
Potions
 b - a potion of curing {unknown}
 e - 2 potions of agility
 n - a potion of invisibility {unknown}
 q - 2 potions of lignification {unknown}
 u - a potion of resistance {unknown}
Books
 c - a book of Changes

   Spells                             Type                      Level
   a - Beastly Appendage              Transmutation                1
   b - Sticks to Snakes               Transmutation                2
   c - Spider Form                    Transmutation/Poison         3
   d - Ice Form                       Ice/Transmutation            4
   e - Blade Hands                    Transmutation                5
Comestibles
 d - 3 bread rations
 k - a beef jerky
 m - 2 meat rations
 z - 2 fruits


   Skills:
 - Level 0.8 Fighting
 - Level 1.7 Dodging
 + Level 4.7 Unarmed Combat
 - Level 2.0 Spellcasting
 + Level 4.1 Transmutations


You had 2 spell levels left.
You knew the following spells:

 Your Spells              Type           Power        Failure   Level  Hunger
e - Beastly Appendage     Trmt           ###...       3%          1    #......
k - Sticks to Snakes      Trmt           ###.......   6%          2    ###....
p - Spider Form           Trmt/Pois      #.........   21%         3    ###....


Dungeon Overview and Level Annotations

Branches:
Dungeon (7/15)
 Temple: D:4-7


Innate Abilities, Weirdness & Mutations

You have an increased reservoir of magic (+10% MP).
Your attributes are resistant to harm.


Message History

Your ball python barely misses the ice beast.
Your ball python completely misses the ice beast.
You see here a quarterstaff.
Your ball python closely misses the ice beast.
Your ball python barely misses the ice beast.
All of the chunks of flesh in your inventory have rotted away.
Your ball python withers and dies!
Items here: )) [ † a dagger; a robe; a hand axe; an orc corpse
There is a stone staircase leading up here.
Drink which item? (? for menu, Esc to quit)
Okay, then.
You aren't carrying any items that can be evoked.
Unknown command.
Read which item? (? for menu, Esc to quit)
Okay, then.
Unknown command.
You see here an iguana corpse.
Casting: Sticks to Snakes
Confirm with . or Enter, or press ? or * to list all spells.
You turn into a venomous arachnid creature.
Your +0 cloak melds into your body.
Your +0 helmet melds into your body.
Your +0 pair of boots melds into your body.
Your +0 robe melds into your body.
The ice beast closely misses you.
Casting: Spider Form
Confirm with . or Enter, or press ? or * to list all spells.
You create a snake!
The ice beast completely misses you.
Your transformation is almost over.
You hit the ice beast but do no damage.
The ice beast is poisoned.
The ice beast misses you.
You hit the ice beast.
The ice beast is lightly wounded.
Your ball python bites the ice beast but does no damage.
The ice beast misses you.
You hit the ice beast but do no damage.
The ice beast is lightly wounded.
Your ball python bites the ice beast but does no damage.
The ice beast closely misses you.
You hit the ice beast.
The ice beast looks even sicker.
The ice beast is moderately wounded.
Your ball python bites the ice beast.
The ice beast hits you.
* * * LOW HITPOINT WARNING * * *
The ice beast freezes you.
* * * LOW HITPOINT WARNING * * *
Something closely misses the ice beast.
Something closely misses the ice beast. x2
Found 24 arrows.
Things that are here:
a leather armour; an orc corpse You closely miss the ice beast.
The ice beast is severely wounded.
You hit the ice beast.
The ice beast is almost dead.
You kill the ice beast!
Your Transmutations skill increases to level 4!
You swap places.
You swap places.
Your transformation has ended.
Your +0 cloak unmelds from your body.
Your +0 helmet unmelds from your body.
Your +0 pair of boots unmelds from your body.
Your +0 robe unmelds from your body.
Things that are here:
a leather armour; an orc corpse You feel a little less agile now.
There is an escape hatch in the ceiling here.
a - 119 arrows (gained 24)
Your ball python withers and dies!
You are feeling hungry.
There is a stone staircase leading down here.
Eat which item? (? for menu, Esc to quit)
Okay, then.
You climb downwards.
Found a scroll labeled IHOS IGET WANK and a fizzy brown potion.
There is a stone staircase leading up here.
Found a stone staircase leading up.
o - 3 scrolls labeled IHOS IGET WANK (gained 1)
Found a jewelled lead wand.
There is a stone staircase leading up here.
Found a stone staircase leading down.
H - a wand of lightning
There is a stone staircase leading up here.
You climb upwards.
A jelly and a centaur come into view.
The centaur shouts!
The centaur wields a shortbow.
The centaur shoots an arrow of frost.
The arrow of frost closely misses you.
Found 10 gold pieces and an arrow of frost.
Found an escape hatch in the floor.
Found a stone staircase leading up.
There is a stone staircase leading down here.
Unknown command.
The centaur shoots an arrow of frost.
The arrow of frost hits you.
* * * LOW HITPOINT WARNING * * *
The arrow of frost freezes you.
* * * LOW HITPOINT WARNING * * *
The jelly hits you.
* * * LOW HITPOINT WARNING * * *
You are splashed with acid!
The acid burns!
* * * LOW HITPOINT WARNING * * *
The centaur shoots an arrow of frost.
The arrow of frost hits you!
You die...

....# ## .<..## #.
#.... . #. #...# #
#...####. #...
.### #......
#.(#.........####.
#.....# .#.......
#@J.$.# ########
#.........
.......###.
###...#.# ........
..c..#.### >......
....... #


You could see a centaur and a jelly.

Vanquished Creatures
  An ice beast (D:6)
  2 orc wizards
  An iguana (D:6)
  3 adders (D:2)
  A worm (D:2)
  4 giant geckos
  5 orcs
  5 bats
  3 giant cockroaches
  A goblin (D:2)
  4 hobgoblins
  4 jackals (D:1)
  3 kobolds (D:1)
  A quokka (D:2)
  5 giant newts
  4 rats (D:2)
47 creatures vanquished.

Vanquished Creatures (collateral kills)
  A hound (D:6)
  An adder (D:2)
  An orc (D:6)
  A giant cockroach (D:2)
  A giant newt (D:4)
5 creatures vanquished.

Grand Total: 52 creatures vanquished

Notes
Turn   | Place    | Note
--------------------------------------------------------------
     0 | D:1      | tidbits the Demigod Transmuter began the quest for the Orb.
     0 | D:1      | Reached XP level 1. HP: 15/15 MP: 5/5
   113 | D:1      | Reached skill level 2 in Spellcasting
   199 | D:1      | Reached skill level 2 in Transmutations
   203 | D:1      | Reached XP level 2. HP: 14/22 MP: 4/7
   227 | D:1      | Learned a level 2 spell: Sticks to Snakes
   279 | D:1      | Reached skill level 3 in Unarmed Combat
   428 | D:2      | Reached XP level 3. HP: 15/27 MP: 2/8
   597 | D:2      | Learned a level 3 spell: Spider Form
   858 | D:4      | Got an encrusted hand axe
   859 | D:4      | Identified the +1 hand axe "Ufat" {chop, rN+} (You found it on level 4 of the Dungeon)
   869 | D:4      | Found a blossoming altar of Fedhas.
   869 | D:4      | Found a shattered altar of Ashenzari.
   869 | D:4      | Found an iron altar of Okawaru.
   929 | D:4      | Found a radiant altar of Vehumet.
   942 | D:4      | Found a shimmering altar of Xom.
   942 | D:4      | Found a shimmering altar of Xom.
   942 | D:4      | Found a shimmering altar of Xom.
   942 | D:4      | Found a shimmering altar of Xom.
   943 | D:4      | Found a shimmering altar of Xom.
   944 | D:4      | Found a shimmering altar of Xom.
   945 | D:4      | Found a shimmering altar of Xom.
  1008 | D:4      | Reached skill level 3 in Transmutations
  1008 | D:4      | Reached XP level 4. HP: 23/34 MP: 2/9
  1253 | D:5      | Entered Level 5 of the Dungeon
  1343 | D:4      | Found an opulent altar of Gozag.
  1354 | D:5      | Found a basalt altar of Yredelemnul.
  1355 | D:5      | Noticed an ice beast
  1424 | D:6      | Reached skill level 4 in Unarmed Combat
  1471 | D:6      | Reached XP level 5. HP: 30/39 MP: 2/10
  1526 | D:6      | Found a shadowy altar of Dithmenos.
  1576 | D:6      | Noticed an ice beast
  1646 | D:6      | Killed an ice beast
  1646 | D:6      | Reached skill level 4 in Transmutations
  1694 | D:6      | Noticed a centaur
  1695 | D:6      | Shot with an arrow of frost by a centaur

Action                   |  1- 3 |  4- 6 || total
-------------------------+-------+-------++-------
Melee: Unarmed           |   103 |    42 ||   145
 Cast: Beastly Appendage |    18 |     1 ||    19
       Sticks to Snakes  |     5 |     4 ||     9
       Spider Form       |     5 |     7 ||    12
  Use: Potion            |     1 |     1 ||     2
 Stab: Sleeping          |     3 |     3 ||     6
       Distracted        |       |     1 ||     1
  Eat: Chunk             |     2 |     3 ||     5

Table legend:
 A = Turns spent in this place as a percentage of turns spent in the entire game.
 B = Non-inter-level travel turns spent in this place as a percentage of non-inter-level travel turns spent in the entire game.
 C = Inter-level travel turns spent in this place as a percentage of turns spent in this place.
 D = Turns resting spent in this place as a percentage of non-inter-level travel turns spent in this place.
 E = Turns spent auto-exploring this place as a percentage of non-inter-level travel turns spent in this place.
 F = Non-inter-level travel turns spent in this place divided by the number of levels of this place that you've seen.
                   A       B       C       D       E      F
               +-------+-------+-------+-------+-------+----------------------
         Total | 100.0 | 100.0 |   0.1 |   0.0 |   0.0 | 206.6
       Dungeon | 100.0 | 100.0 |   0.1 |   0.0 |   0.0 | 206.6
               +-------+-------+-------+-------+-------+----------------------

Table legend:
 A = Kills in this place as a percentage of kills in entire the game.
 B = Kills by you in this place as a percentage of kills by you in the entire game.
 C = Kills by friends in this place as a percentage of kills by friends in the entire game.
 D = Other kills in this place as a percentage of other kills in the entire game.
 E = Experience gained in this place as a percentage of experience gained in the entire game.
 F = Experience gained in this place divided by the number of levels of this place that you have seen.
                   A       B       C       D       E      F
               +-------+-------+-------+-------+-------+----------------------
         Total | 100.0 | 100.0 | 100.0 |  -nan | 100.0 |  56.0
       Dungeon | 100.0 | 100.0 | 100.0 |  -nan | 100.0 |  56.0
               +-------+-------+-------+-------+-------+----------------------

Vault maps used:
D:1:      lightli_arrival_farm, minmay_stone_trees_small, grunt_decor_fettered
D:2:      first_bread, minmay_misc_feat_ornament, grunt_decor_cap
D:3:      serial_co_window_serial, co_window_paths_a, co_window_corner_a,
          co_window_corner_a, co_window_corner_a, co_window_of_opportunity_a,
          co_window_paths_b, co_window_paths_b, co_window_broadway_a,
          co_window_broadway_b, co_window_of_opportunity_b, co_window_corner_b,
          co_window_of_opportunity_b, co_window_unsneaky_path_a,
          co_window_unsneaky_path_c, glass_columns_b, glass_columns_a,
          glass_columns_a
D:4:      kennysheep_mini_moat, xom_redecorated, gammafunk_temple_overflow_claw,
          nicolae_overflow_hidden_temple, kennysheep_cross_room
D:5:      kiku_gazebo_pond_becter, old_standard_altar,
          minmay_temple_entry_glassed_door
D:6:      basic_altar, minmay_hedge_maze
D:7:      tgw_trog, serial_glass, glass_columns_b, glass_columns_c,
          glass_columns_a, glass_columns_c
